 Dungeon Crawl Stone Soup version 0.28-a0-628-g3c9886e45e (webtiles) character file.

Game seed: 4792470411928667228

44427 dracfodder the Basher (level 14, 0/90 HPs)
             Began as a Gargoyle Berserker on Oct 8, 2021.
             Was a High Priest of Trog.
             Slain by a goliath frog (13 damage)
             ... on level 1 of the Swamp.
             The game lasted 01:21:51 (15664 turns).

dracfodder the Basher (Gargoyle Berserker)         Turns: 15664, Time: 01:21:51

Health: 0/90       AC: 25    Str: 25    XL:     14   Next: 28%
Magic:  14/14      EV: 16    Int:  9    God:    Trog [*****.]
Gold:   1100       SH:  6    Dex:  9    Spells: 13/13 levels left

rFire   . . .      SeeInvis .   a - +1 demon whip (vorpal)
rCold   + + .      Faith    .   s - +0 buckler
rNeg    + . .      Spirit   .   C - +2 ice dragon scales
rPois   ∞          Reflect  .   l - +0 helmet
rElec   +          Harm     .   G - +0 cloak
rCorr   .          Rampage  .   X - +1 pair of gloves
Will    ++++.      Clarity  +   O - +1 pair of boots
Stlth   ..........              f - amulet of regeneration
HPRegen 2.25/turn               y - ring of protection from fire
MPRegen 0.14/turn               P - +4 ring of evasion

@: strong-willed, corroded, flying, regenerating, studying Shields, unable to
read
A: sickness immunity, AC +10, big wings, negative energy resistance 1,
electricity resistance, torment resistance 1, petrification resistance, clarity,
strong-willed 1, sense surroundings 1, inability to read while threatened,
MP-powered wands
a: Renounce Religion, Berserk, Trog's Hand, Brothers in Arms


You were on level 1 of the Swamp.
You worshipped Trog.
Trog was extremely pleased with you.
You visited 3 branches of the dungeon, and saw 16 of its levels.
You also visited: Ossuary.

You collected 1160 gold pieces.
You spent 60 gold pieces at shops.

Inventory:

Hand Weapons
 a - a +1 vorpal demon whip (weapon)
 b - a +7 spear of venom
 j - a +0 hand crossbow
 A - a +0 falchion of holy wrath
Missiles
 d - 118 arrows
 e - 168 bolts
 h - 52 sling bullets
 k - 480 stones (quivered)
 m - 6 boomerangs
 q - 39 poisoned darts
 t - 10 atropa-tipped darts
 I - a curare-tipped dart
 K - 2 throwing nets
 V - 3 javelins
Armour
 l - a +0 helmet (worn)
 s - a +0 buckler (worn)
 C - +2 ice dragon scales (worn)
 G - a +0 cloak (worn)
 O - a +1 pair of boots (worn)
 X - a +1 pair of gloves (worn)
Jewellery
 f - an amulet of regeneration (around neck)
 p - an amulet of guardian spirit
 y - a ring of protection from fire (left hand)
 z - a ring of magical power
 P - a +4 ring of evasion (right hand)
 T - a ring of see invisible
Wands
 n - a wand of charming (8)
 r - a wand of flame (39)
 D - a wand of iceblast (20)
 M - a wand of digging (8)
 R - a wand of polymorph (7)
Scrolls
 i - 4 scrolls of teleportation
 w - 3 scrolls of magic mapping
 Q - 5 scrolls of identify
Potions
 g - 2 potions of magic
 v - 2 potions of berserk rage
 x - a potion of haste
 B - a potion of heal wounds
 E - 6 potions of curing
 H - 4 potions of might
 J - 3 potions of ambrosia
 N - 2 potions of lignification
 S - a potion of invisibility


   Skills:
 + Level 11.1 Fighting
 + Level 3.3 Long Blades
 * Level 14.1 Maces & Flails
 + Level 8.8 Polearms
 + Level 3.1 Crossbows
 + Level 0.1 Throwing
 + Level 10.1 Armour
 + Level 7.5 Dodging
 + Level 2.3 Stealth
 + Level 10.5 Shields
 + Level 1.2 Evocations


You had 13 spell levels left.
You didn't know any spells.
Your spell library was empty.

Dungeon Overview and Level Annotations

Branches:
Dungeon (9/15)             Temple (0/1) D:4            Lair (6/6) D:8
  Swamp (1/4) Lair:3        Snake (0/4) Lair:4        Slime (0/5) Lair:5
Ossuary (visited)
    Orc: D:9-12

Altars:
Okawaru
Sif Muna

Shops:
D:1 :   D:2 ?:


Innate Abilities, Weirdness & Mutations

You are immune to sickness and miasma.
Your stone body is resilient. (AC +10)
You are immune to poison.
Your large and strong wings let you fly.
You resist negative energy. (rN+)
You are resistant to electric shocks. (rElec)
You are resistant to unholy torment.
You are immune to petrification.
You possess an exceptional clarity of mind.
You are strong-willed. (Will+)
You passively map a small area around you.
You sometimes lose the ability to read scrolls when taking damage.
You expend magic power (3 MP) to strengthen your wands.


Message History

The bunyip howls a warning cry!
The goliath frog barely misses you.
You hear a roar!
You hear a deafening roar!
The goliath frog hits you but does no damage.
You completely miss the bunyip. The goliath frog barely misses you.
You closely miss the bunyip. The bunyip closely misses you.
You block the bunyip's attack. The bunyip barely misses you.
You hit the bunyip.
The bunyip is lightly wounded.
The goliath frog closely misses you.
You barely miss the bunyip.
The bunyip is lightly wounded.
You hit the bunyip but do no damage.
The bunyip is lightly wounded.
The goliath frog hits you from afar.
* * * LOW HITPOINT WARNING * * *
You are splashed with acid!
* * * LOW HITPOINT WARNING * * *
You thrash the bunyip!!
The bunyip is moderately wounded.
The goliath frog misses you.
Your skin crawls.
You feel strong-willed.
The bunyip claws you but does no damage.
The bunyip completely misses you. The bunyip closely misses you.
The goliath frog hits you but does no damage.
You thrash the bunyip!!
The bunyip is severely wounded.
You hit the bunyip but do no damage.
The bunyip is severely wounded.
The goliath frog closely misses you.
You hit the bunyip but do no damage.
The bunyip is severely wounded.
The goliath frog hits you but does no damage.
You whack the bunyip!
The bunyip is severely wounded.
You hit the bunyip.
The bunyip is severely wounded.
The goliath frog hits you from afar!
You die...

, ,
≈≈≈≈≈.....♣♣
≈≈≈≈≈≈.....♣
, ≈≈
≈≈^≈≈≈≈....♣*
≈...≈≈≈....≈
...≈≈≈...≈
...≈≈≈§.. *
≈...≈§≈≈♣♣♣
≈≈≈.§≈≈Fx@♣
≈≈≈....<♣♣♣ ,
≈≈....♣♣♣
≈≈≈§≈§ * , ,
≈≈≈≈≈ *
≈...≈,≈* ≈.♣≈
* ..♣♣ ≈ ≈


You could see a bunyip and a goliath frog.

Vanquished Creatures
  A shambling mangrove (Lair:5)
  2 hydras (Lair:6)
  A boulder beetle (Lair:3)
  9 death yaks
  12 spriggans (Lair:6)
  A swamp dragon (Lair:3)
  Pikel (D:5)
  A necromancer (Lair:6)
  A manticore (Lair:2)
  An elephant (Lair:2)
  A guardian serpent (Lair:4)
  3 black mambas
  Joseph (D:7)
  11 cane toads
  5 rime drakes
  5 komodo dragons
  Maggie (D:7)
  A queen bee (Lair:2)
  5 polar bears
  6 hornets
  Prince Ribbit (D:6)
  A tyrant leech (Swamp:1)
  Grinder (D:5)
  16 dream sheep
  11 blink frogs
  21 yaks
  6 wyverns
  4 steam dragons
  Eustachio (D:5)
  6 basilisks
  Menkaure (D:7)
  A swamp worm (Swamp:1)
  19 water moccasins
  Duvessa (D:6)
  2 orc warriors (D:8)
  9 black bears
  A hornet zombie (D:7)
  33 wolves
  3 ice beasts
  2 sky beasts
  3 necrophages (D:6)
  4 boggarts (Lair:6)
  3 centaurs
  3 phantoms
  2 lemures (D:5)
  Blork the orc (D:6)
  6 bullfrogs
  A kobold brigand (D:8)
  3 scorpions
  Dowan (D:6)
  25 killer bees (Lair:2)
  2 howler monkeys (D:5)
  7 wights
  3 electric eels
  A centaur zombie (D:5)
  A centaur skeleton (D:6)
  A bullfrog zombie (D:5)
  2 hounds
  3 jellies
  Crazy Yiuf (D:5)
  2 orc priests (D:8)
  A bullfrog skeleton (D:6)
  Ijyb (D:4)
  12 hell rats
  2 iguanas
  6 orc wizards
  3 wolf simulacra (Lair:6)
  A yak simulacrum (Lair:6)
  6 polar bear simulacra (Lair:6)
  3 mummies (Ossuary)
  14 gnolls
  A howler monkey skeleton (D:6)
  12 adders
  A shadow imp (D:5)
  2 white imps
  7 adder zombies (Ossuary)
  3 worms
  5 dart slugs
  31 orcs
  5 ball pythons
  2 bats
  5 endoplasms
  3 giant cockroaches
  2 goblins
  8 hobgoblins
  4 jackals (D:5)
  6 quokkas
  3 goblin zombies (Ossuary)
  A hobgoblin zombie (Ossuary)
  13 kobolds
  2 kobold zombies (Ossuary)
  2 quokka zombies (Ossuary)
  5 rats
  3 rat zombies (Ossuary)
  A river rat simulacrum (Lair:6)
  A butterfly (D:5)
461 creatures vanquished.

Vanquished Creatures (others)
  Harold (D:7)
  A jelly (D:7)
  18 fungi
  34 plants
54 creatures vanquished.

Grand Total: 515 creatures vanquished

Notes
Turn   | Place    | Note
-------+----------+-------------------------------------------
     0 | D:1      | dracfodder the Gargoyle Berserker began the quest for the
                  | Orb.
     0 | D:1      | Reached XP level 1. HP: 14/14 MP: 1/1
   400 | D:1      | Reached XP level 2. HP: 19/19 MP: 2/2
   577 | D:1      | Found Dekkevoo's Book Emporium.
  1061 | D:2      | Reached XP level 3. HP: 23/24 MP: 3/3
  1066 | D:2      | Reached skill level 4 in Maces & Flails
  1078 | D:2      | Reached XP level 4. HP: 13/29 MP: 4/4
  1481 | D:2      | Found Bearieg's Book Emporium.
  1502 | D:2      | Found Ronn's Magic Scroll Boutique.
  1529 | D:2      | Bought a scroll of teleportation for 36 gold pieces
  1529 | D:2      | Bought a scroll of identify for 24 gold pieces
  1607 | D:2      | Reached ** piety under Trog
  1669 | D:2      | Found a faded altar of an unknown god.
  1917 | D:3      | Reached XP level 5. HP: 33/33 MP: 5/5
  1927 | D:3      | Reached skill level 5 in Maces & Flails
  2386 | D:3      | Found an iron altar of Okawaru.
  2591 | D:3      | Noticed a phantom
  2616 | D:3      | Killed a phantom
  2617 | D:3      | Reached XP level 6. HP: 27/38 MP: 6/6
  2782 | D:4      | Reached skill level 6 in Maces & Flails
  3014 | D:4      | Reached XP level 7. HP: 44/44 MP: 7/7
  3162 | D:4      | Noticed Ijyb
  3181 | D:4      | Reached skill level 1 in Polearms
  3205 | D:4      | Killed Ijyb
  3231 | D:4      | Reached *** piety under Trog
  3242 | D:5      | Entered Level 5 of the Dungeon
  3243 | D:5      | Identified a scroll of acquirement
  3243 | D:5      | Acquired a manual of Shields
  3244 | D:5      | Noticed Grinder
  3252 | D:5      | Paralysed by Grinder for 6 turns
  3266 | D:5      | Paralysed by Grinder for 5 turns
  3283 | D:5      | Killed Grinder
  3302 | D:5      | Reached skill level 1 in Shields
  3302 | D:5      | Reached XP level 8. HP: 48/48 MP: 8/8
  3437 | D:5      | Reached skill level 5 in Fighting
  3463 | D:5      | Reached skill level 7 in Maces & Flails
  3540 | D:5      | Noticed Pikel
  3556 | D:5      | Killed Pikel
  3699 | D:5      | Found a sand-covered staircase.
  3709 | Ossuary  | Entered an ossuary
  3997 | Ossuary  | Gained mutation: You are frail. (-10% HP) [potion of
                  | mutation]
  3998 | Ossuary  | Lost mutation: You are frail. (-10% HP) [potion of
                  | mutation]
  3998 | Ossuary  | Gained mutation: You possess an exceptional clarity of
                  | mind. [potion of mutation]
  3998 | Ossuary  | Gained mutation: You expend magic power (3 MP) to
                  | strengthen your wands. [potion of mutation]
  3998 | Ossuary  | Gained mutation: You sometimes lose the ability to read
                  | scrolls when taking damage. [potion of mutation]
  3998 | Ossuary  | Gained mutation: You have hidden genetic potential. [potion
                  | of mutation]
  4292 | D:5      | Reached skill level 1 in Long Blades
  4327 | D:5      | Reached XP level 9. HP: 55/55 MP: 9/9
  4424 | D:5      | Noticed Eustachio
  4442 | D:5      | Killed Eustachio
  4672 | D:4      | Found a staircase to the Ecumenical Temple.
  4951 | D:5      | Reached **** piety under Trog
  4974 | D:5      | Found a runed translucent door.
  4975 | D:5      | Noticed Crazy Yiuf
  4982 | D:5      | Killed Crazy Yiuf
  5326 | D:7      | Noticed Prince Ribbit
  5480 | D:6      | Reached skill level 8 in Maces & Flails
  5495 | D:6      | Gained mutation: You are strong-willed. (Will+) [hidden
                  | potential]
  5727 | D:6      | Noticed Dowan
  5728 | D:6      | Noticed Duvessa
  5736 | D:6      | Killed Dowan
  5746 | D:6      | Killed Duvessa
  5747 | D:6      | Reached skill level 5 in Polearms
  6157 | D:6      | Noticed Blork the orc
  6174 | D:6      | Killed Blork the orc
  6177 | D:6      | Found a shimmering blue altar of Sif Muna.
  6363 | D:7      | Noticed Joseph
  6409 | D:6      | Killed Prince Ribbit
  6410 | D:6      | Reached skill level 5 in Dodging
  6410 | D:6      | Reached XP level 10. HP: 39/60 MP: 10/10
  6457 | D:7      | Killed Joseph
  6458 | D:7      | Reached skill level 5 in Armour
  6480 | D:7      | Noticed Harold
  6501 | D:7      | Killed Harold
  6502 | D:7      | Reached skill level 9 in Maces & Flails
  6523 | D:7      | Gained mutation: You passively map a small area around you.
                  | [hidden potential]
  6523 | D:7      | Lost mutation: You have hidden genetic potential. [hidden
                  | potential expressed]
  6681 | D:7      | Noticed Menkaure
  6689 | D:7      | Killed Menkaure
  6971 | D:7      | Noticed Maggie
  6989 | D:7      | Killed Maggie
  7734 | D:8      | Reached XP level 11. HP: 60/67 MP: 11/11
  7740 | D:8      | Reached skill level 10 in Maces & Flails
  7933 | D:8      | Found a staircase to the Lair.
  8195 | D:8      | Reached ***** piety under Trog
  8386 | Lair:1   | Entered Level 1 of the Lair of Beasts
  9119 | Lair:1   | Reached skill level 1 in Stealth
  9143 | Lair:1   | Reached skill level 11 in Maces & Flails
  9423 | Lair:2   | Reached skill level 5 in Shields
  9746 | Lair:2   | Reached XP level 12. HP: 73/73 MP: 12/12
  9867 | Lair:2   | Received a gift from Trog
  9887 | Lair:2   | HP: 1/109 [manticore (14)]
 10802 | Lair:3   | Noticed a boulder beetle
 10819 | Lair:3   | Killed a boulder beetle
 11156 | Lair:3   | Reached skill level 12 in Maces & Flails
 11423 | Lair:3   | Found a staircase to the Swamp.
 11751 | Lair:4   | Noticed a death yak
 11751 | Lair:4   | Noticed a death yak
 11751 | Lair:4   | Noticed a death yak
 11752 | Lair:4   | Noticed a death yak
 11752 | Lair:4   | Noticed a death yak
 11753 | Lair:4   | Noticed a death yak
 11763 | Lair:4   | Killed a death yak
 11764 | Lair:4   | Reached XP level 13. HP: 80/80 MP: 13/13
 11843 | Lair:4   | Found a staircase to the Snake Pit.
 12662 | Lair:5   | Reached skill level 10 in Fighting
 12879 | Lair:5   | Reached skill level 13 in Maces & Flails
 12970 | Lair:5   | Found a staircase to the Slime Pits.
 13421 | Lair:5   | Noticed a shambling mangrove
 13421 | Lair:5   | an oklob plant changed into a shambling mangrove
 13433 | Lair:5   | Killed a shambling mangrove
 13434 | Lair:5   | Reached skill level 1 in Crossbows
 13491 | Lair:5   | Reached skill level 1 in Evocations
 13645 | Lair:6   | Entered Level 6 of the Lair of Beasts
 14006 | Lair:6   | Received a gift from Trog
 14009 | Lair:6   | Reached skill level 10 in Shields
 14020 | Lair:6   | Gained mutation: Your large and strong wings let you fly.
                  | [Gargoyle growth]
 14020 | Lair:6   | Reached XP level 14. HP: 81/88 MP: 14/14
 14114 | Lair:6   | Identified the +8 great sword of Julut {vorpal, rN+}
 14190 | Lair:6   | Reached skill level 10 in Armour
 14671 | Lair:6   | Reached skill level 14 in Maces & Flails
 15618 | Swamp:1  | Entered Level 1 of the Swamp
 15664 | Swamp:1  | Slain by a goliath frog

Illustrated notes

Levels and vault maps discovered:
D:1:      matt_arrival_diagonals, layout_loops_ring, serial_shops,
          nicolae_shop_window_shopping
D:2:      layout_basic, chequers_ecumenical_altar_simple_redux, serial_shops,
          shop, nicolae_shop_behind_doors
D:3:      layout_basic, lemuel_round_altar, minmay_randomly_rotated_circles
D:4:      layout_gridville, minmay_temple_entry_butterflies,
          minmay_splitting_lines, st_stairs_3, amethyst_killhole,
          minmay_misc_feat_columns, chequers_serial_rivers_marsh,
          supply_closet_lemuel, uniq_ijyb
D:5:      minmay_inner_zag, layout_layer_cave, nicolae_ossuary_entry_ruins,
          uniq_pikel, uniq_grinder, uniq_eustachio, uniq_crazy_yiuf_cottage
D:6:      layout_loops_ring, tgw_sif, uniq_duvessa
D:7:      layout_cave_pools, roderic_lattice_a, minivault_19,
          nrook_pool_corridor, uniq_harold, uniq_menkaure, uniq_joseph,
          uniq_prince_ribbit1, uniq_maggie
D:8:      layout_gridville, grunt_lair_entry_orc_guard_hut
D:9:      minmay_the_grid_plus_closed [minmay_the_grid_small_cups,
          minmay_the_grid_zigzag_pyramid, minmay_the_grid_rooms,
          minmay_the_grid_box_x, minmay_the_grid_prize_big_room], layout_rooms,
          minmay_crystal_water, nicolae_transmutations_shop, uniq_erolcha
Lair:1:   layout_regular_city, chequers_serial_rivers_small_a,
          minmay_shattered_shrine
Lair:2:   regret_index_wax_grids, layout_loops_ring, lemuel_fruit_fields,
          grunt_megastairs_5
Lair:3:   layout_roguey, minmay_swamp_entry_reptiles, st_stairs_6
Lair:4:   layout_loops_ring, minmay_snake_entry_spellcaster,
          infiniplex_staircase_pool
Lair:5:   layout_hall_layers, minmay_slime_entry_oklob_open
Lair:6:   minmay_lair_end_enchanted_forest, layout_cave_pods,
          nicolae_quartered_pool_medium, minivault_27, eino_house_with_fridge
Swamp:1:  layout_basic_swamp, hangedman_swamp_diagram, uniq_jorgrun

Skill      XL: |  1  2  3  4  5  6  7  8  9 10 11 12 13 14 |
---------------+-------------------------------------------+-----
Maces & Flails | 4 5 6 7 8 9 11 12 13 14 | 14.1
Fighting       | 4 5 6 7 8 9 10 11 | 11.1
Dodging        | 2 3 4 5 6 7 |  7.5
Armour         | 3 4 6 8 9 10 | 10.1
Polearms       | 2 4 5 6 8 |  8.8
Shields        | 1 2 3 4 6 8 10 | 10.5
Long Blades    | 1 2 3 |  3.3
Stealth        | 1 2 |  2.3
Crossbows      | 3 |  3.1
Evocations     | 1 |  1.2
Throwing       | |  0.1

Action                   |  1- 3 |  4- 6 |  7- 9 | 10-12 | 13-15 || total
-------------------------+-------+-------+-------+-------+-------++-------
Melee: Mace              |    52 |   201 |     1 |       |       ||   254
       Spear             |       |    22 |   506 |   676 |    15 ||  1219
       Falchion          |       |       |    79 |    82 |       ||   161
       Whip              |       |       |    48 |   363 |       ||   411
       Demon whip        |       |       |       |    50 |   898 ||   948
 Fire: Hunting sling     |       |     1 |       |       |       ||     1
       Hand crossbow     |       |       |       |       |    37 ||    37
Throw: Stone             |       |     4 |       |       |       ||     4
Invok: Berserk           |       |     4 |     3 |     4 |     2 ||    13
       Trog's Hand       |       |     2 |     3 |     4 |     3 ||    12
Evoke: Wand              |       |     1 |     5 |       |     8 ||    14
  Use: Scroll            |       |       |    15 |    15 |     2 ||    32
       Potion            |       |       |     3 |     4 |       ||     7
 Stab: Petrified         |       |       |       |       |     6 ||     6
       Petrifying        |       |       |       |       |     1 ||     1
Armor: Leather armour    |    10 |   109 |   226 |       |       ||   345
       Ring mail         |    13 |       |       |       |       ||    13
       Ice dragon scales |       |       |    23 |   644 |   307 ||   974
       Skin              |       |       |       |    37 |       ||    37
Dodge: Dodged            |    20 |   144 |   265 |   518 |   343 ||  1290
Block: Buckler           |       |     9 |    75 |   256 |   144 ||   484

Table legend: (Time is in decaauts)
 A = Elapsed time spent in this place.
 B = Non-inter-level travel time spent in this place.
 C = Inter-level travel time spent in this place.
 D = Time resting spent in this place.
 E = Time spent auto-exploring this place.
 F = Levels seen in this place.
 G = Mean time per level.
                   A        B        C        D        E       F      G
               +--------+--------+--------+--------+--------+-----+--------+
         Total |  15087 |  14136 |    951 |   1423 |   7955 |  17 |  887.5 |
       Dungeon |   8148 |   7651 |    497 |    741 |   4251 |   9 |  905.3 |
          Lair |   6582 |   6129 |    453 |    628 |   3704 |   6 | 1097.0 |
         Swamp |     28 |     28 |      0 |      0 |      0 |   1 |   28.0 |
       Ossuary |    327 |    327 |      0 |     53 |      0 |   1 |  327.0 |
               +--------+--------+--------+--------+--------+-----+--------+

Top non-repeatable levels by time:
     D:5: 1605 daAuts
  Lair:6: 1412 daAuts
  Lair:2: 1357 daAuts
     D:6: 1155 daAuts
     D:2: 1142 daAuts
  Lair:5: 1142 daAuts
     D:8: 1053 daAuts
  Lair:1: 1045 daAuts
  Lair:3: 896 daAuts
     D:7: 845 daAuts
     D:1: 807 daAuts
     D:3: 771 daAuts
     D:4: 753 daAuts
  Lair:4: 729 daAuts
 Ossuary: 327 daAuts
